Map: Para Site LE

Players

GoOdy

  • Race: Terran Terran
  • League: Grandmaster
  • Spawn Location: 5:00

Lambo - Winner!

  • Race: Zerg Zerg
  • League: Grandmaster
  • Spawn Location: 11:00

VOD

Have the link to the VOD?

Description

Time

  • Played on: Dec. 26, 2018, 2:39 p.m.
  • Length: 11:53
Show
View Real Time Build Order
Export as new Build Order

GoOdy Terran 

Build Orders: Reaper Expand, Hellion Banshee 

Get SALT Encoding   

  12  0:00  SCV  
  13  0:13  SCV  
  14  0:17  Supply Depot  
  14  0:25  SCV  
  15  0:38  SCV  
  15  0:39  Barracks  
  16  0:44  Refinery  
  16  0:50  SCV  
  17  1:02  SCV  
  18  1:15  SCV  
  19  1:27  Reaper, Orbital Command  
  20  1:40  Command Center  
  20  1:53  SCV, Supply Depot  
  21  1:59  Marine, Refinery  
  22  2:06  SCV  
  23  2:17  Factory  
  23  2:18  SCV  
  23  2:22  Barracks Reactor  
  24  2:30  SCV  
  25  2:42  SCV  
  26  2:54  SCV  
  27  3:00  Supply Depot  
  27  3:04  Starport  
  27  3:06  SCV  
  27  3:07  Hellion x2  
  27  3:08  Barracks Tech Lab  
  27  3:09  Orbital Command  
  32  3:18  SCV  
  33  3:29  Hellion x2  
  33  3:30  SCV  
  38  3:35  SCV  
  39  3:42  SCV  
  39  3:44  Armory  
  39  3:47  Cloaking Field, Banshee  
  43  3:50  Hellion  
  43  3:54  Hellion  
  47  3:58  Supply Depot  
  47  3:59  SCV  
  47  4:01  SCV  
  49  4:11  SCV  
  49  4:13  SCV  
  49  4:16  Hellion  
  53  4:20  Hellion  
  55  4:25  Bunker  
  55  4:26  Marine  
  55  4:27  SCV  
  55  4:28  SCV  
  55  4:30  Banshee  
  61  4:35  Supply Depot  
  61  4:39  SCV  
  61  4:41  Fusion Core  
  62  4:53  Refinery  
  62  4:54  Refinery  
  62  4:57  SCV, Hellion x2  
  62  5:13  Banshee  
  61  5:19  Hellion x2  
  65  5:26  SCV x2  
  65  5:30  Supply Depot  
  65  5:34  Command Center  
  64  5:56  Battlecruiser  
  52  6:22  SCV  
  52  6:23  SCV  
  49  6:27  Factory  
  49  6:28  Factory  
  49  6:31  Factory  
  49  6:34  SCV  
  49  6:35  SCV  
  49  6:37  Hellion  
  49  6:38  Hellion  
  49  6:39  Terran Ship Weapons Level 1  
  55  6:40  Supply Depot  
  55  6:43  Marine  
  55  6:46  Orbital Command  
  58  6:59  Hellion x2  
  58  7:01  Marine  
  61  7:07  Battlecruiser  
  67  7:18  Marine  
  68  7:27  Hellion x5  
  80  7:51  Hellion x2  
  80  7:52  Hellion x3  
  88  8:07  Supply Depot  
  88  8:09  Supply Depot  
  88  8:11  Battlecruiser  
  96  8:13  Hellion x2  
  96  8:19  Hellion  
  100  8:28  Hellion  
  100  8:29  Hellion  
  100  8:34  Hellion x2  
  96  8:54  Orbital Command  
  85  9:02  Factory Tech Lab x3  
  77  9:03  Hellion x2  
  77  9:07  SCV x2  
  79  9:12  Terran Ship Weapons Level 2  
  79  9:18  Weapon Refit  
  79  9:24  Hellion x2  
  79  9:29  Cyclone  
  79  9:30  Cyclone  
  89  9:32  Cyclone  
  92  9:42  Mag-Field Accelerator  
  92  10:00  Refinery, Hellion x2  
  92  10:01  Refinery, Cyclone  
  92  10:02  Cyclone  
  92  10:04  Cyclone  
  92  10:05  Supply Depot x2  
  92  10:06  Supply Depot  
  105  10:09  Battlecruiser  
  101  10:27  Hellion x2  
  97  10:33  Siege Tank  
  97  10:34  Hellion  
  102  10:37  Hellion  
  97  10:48  Hellion x2  
  101  10:55  Siege Tank  
  98  10:58  Siege Tank  
  94  11:06  Siege Tank  
  94  11:09  Hellion x2  
  50  11:26  SCV, Orbital Command  
  50  11:27  Hellion  
  50  11:30  Hellion  
Show
View Real Time Build Order
Export as new Build Order

Lambo Zerg - Winner!

Build Orders: 3 Hatch before Pool 

Get SALT Encoding   

  12  0:00  Drone  
  13  0:15  Overlord  
  13  0:18  Drone  
  14  0:34  Drone x2  
  16  0:49  Hatchery  
  15  0:53  Hatchery  
  15  0:56  Drone  
  16  1:00  Drone  
  16  1:03  Drone  
  18  1:14  Extractor  
  18  1:18  Spawning Pool  
  16  1:21  Drone  
  16  1:25  Drone  
  18  1:30  Drone  
  19  1:41  Drone  
  20  1:55  Overlord  
  20  2:04  Queen  
  20  2:05  Queen  
  20  2:06  Zergling x4  
  26  2:13  Metabolic Boost  
  26  2:15  Drone  
  27  2:16  Drone  
  28  2:25  Drone  
  28  2:27  Drone  
  30  2:33  Extractor  
  29  2:38  Drone  
  31  2:45  Hatchery  
  31  2:48  Drone  
  31  2:52  Pneumatized Carapace  
  31  2:56  Drone  
  32  3:00  Overlord  
  32  3:04  Drone x2  
  34  3:07  Drone  
  35  3:15  Drone  
  35  3:19  Drone x2  
  38  3:20  Drone  
  38  3:21  Queen  
  38  3:25  Overlord  
  41  3:29  Drone  
  41  3:31  Drone  
  43  3:35  Drone  
  44  3:43  Queen  
  44  3:45  Drone x2  
  48  3:51  Zergling x6  
  48  3:54  Zergling x2  
  52  3:57  Queen  
  52  4:01  Drone x2  
  52  4:02  Overlord  
  56  4:14  Queen  
  58  4:20  Roach Warren  
  58  4:21  Overlord  
  58  4:22  Lair  
  58  4:23  Drone x4  
  61  4:24  Drone  
  61  4:26  Zergling x2  
  61  4:28  Drone  
  64  4:32  Spine Crawler  
  64  4:36  Spore Crawler  
  62  4:39  Spore Crawler  
  62  4:42  Spore Crawler, Drone  
  62  4:43  Drone x2  
  62  4:45  Drone x2  
  65  4:48  Zergling x4  
  67  4:53  Queen  
  67  4:56  Drone  
  67  4:57  Drone  
  70  5:01  Drone x2  
  70  5:04  Drone x3  
  70  5:05  Zergling x2  
  66  5:14  Zergling x10  
  65  5:24  Queen  
  65  5:25  Queen  
  65  5:26  Overseer  
  61  5:29  Roach x4  
  61  5:32  Roach  
  61  5:35  Extractor  
  68  5:37  Roach  
  68  5:38  Extractor  
  68  5:41  Roach x2  
  70  5:44  Roach  
  70  5:47  Roach  
  74  5:51  Queen  
  74  5:55  Roach  
  74  6:00  Spore Crawler  
  73  6:05  Queen  
  70  6:13  Drone x4  
  70  6:15  Drone  
  71  6:19  Drone x2  
  74  6:25  Drone  
  74  6:39  Overlord  
  74  6:43  Overlord  
  74  6:45  Overlord  
  74  6:46  Extractor  
  73  6:48  Overlord  
  73  6:50  Queen, Evolution Chamber x2  
  73  6:51  Extractor x2, Drone x3  
  74  6:57  Overlord  
  74  6:58  Glial Reconstitution, Drone x2  
  74  7:00  Drone x3  
  79  7:05  Hatchery  
  79  7:06  Queen  
  79  7:07  Queen  
  82  7:11  Spire  
  81  7:17  Drone x4  
  81  7:18  Spore Crawler  
  82  7:23  Drone x2  
  84  7:30  Drone x7  
  91  7:38  Drone x2  
  91  7:39  Queen  
  91  7:42  Queen  
  97  7:47  Drone x6  
  99  7:52  Zerg Missile Weapons Level 1, Zerg Ground Armor Level 1  
  99  8:05  Overlord  
  101  8:20  Roach x6  
  111  8:33  Roach x4  
  111  8:34  Overseer  
  109  8:42  Roach x5  
  109  8:46  Queen x2  
  115  8:50  Roach x2  
  115  8:51  Roach  
  115  8:54  Overlord x3  
  115  8:55  Overlord  
  117  8:56  Queen  
  117  8:57  Queen  
  117  8:58  Spore Crawler  
  117  9:00  Spore Crawler  
  115  9:04  Overlord  
  115  9:18  Corruptor x2  
  115  9:19  Zergling x2, Corruptor x5  
  115  9:23  Zerg Flyer Armor Level 1  
  130  9:25  Corruptor  
  130  9:28  Hatchery, Ravager  
  130  9:30  Ravager  
  133  9:36  Corruptor  
  135  9:40  Roach x6  
  135  9:43  Overlord  
  147  9:47  Zergling x8  
  147  9:49  Ravager  
  152  9:54  Overlord x2  
  152  9:57  Extractor  
  151  10:04  Overlord  
  151  10:06  Roach x4  
  159  10:08  Overlord x2, Ravager  
  160  10:17  Roach x7, Zergling x2  
  159  10:24  Zergling x12  
  160  10:30  Roach x3  
  160  10:35  Roach x4  
  174  10:44  Zergling x14  
  174  10:46  Ravager x3  
  184  10:52  Zergling x8  
  180  11:01  Zergling x10  
  177  11:09  Corruptor x5  
  170  11:14  Zergling x2  
  170  11:15  Zergling x10  
  159  11:21  Infestation Pit  
  139  11:32  Drone x2  
  143  11:33  Drone  
  143  11:34  Drone x3  
Tags
 
Add a new tag
Caveats
  • Supply blocks, unpowered buildings, or Contaminate may cause inaccurate times.
  • Supply counts are checked every 10 seconds.